 Dungeon Crawl Stone Soup version 0.27-a0-978-g2aa4ecdaef (webtiles) character file.

Game seed: 964626958345391123

26 robertstho the Magician (level 3, 0/25 HPs)
             Began as a Djinni Fire Elementalist on Apr 14, 2021.
             Slain by a sky beast (2 damage)
             ... on level 2 of the Dungeon.
             The game lasted 00:02:28 (1426 turns).

robertstho the Magician (Djinni Fire Elementalist)  Turns: 1426, Time: 00:02:29

Health: 0/25       AC:  2    Str:  7    XL:     3   Next: 8%
Gold:   14         EV: 12    Int: 17    God:
                   SH:  0    Dex: 13

rFire    + + .     SeeInvis .   j - staff of air
rCold    x . .     Faith    .   (no shield)
rNeg     . . .     Spirit   .   a - +0 robe
rPois    ∞         Reflect  .   (no helmet)
rElec    +         Harm     .   (no cloak)
rCorr    .         Rampage  .   (no gloves)
Will     .....                  (boots unavailable)
Stlth    ++........             (no amulet)
HPRegen  0.08/turn              (no ring)
MPRegen  0.00/turn              (no ring)

@: mighty, flying
A: fire resistance 2, cold vulnerability 1, float, innate caster, hp casting,
extra vitality 1
a: no special abilities


You were on level 2 of the Dungeon.
You visited 1 branch of the dungeon, and saw 2 of its levels.

You collected 14 gold pieces.

Inventory:

Hand Weapons
 b - a +0 dagger
Missiles
 c - 23 stones
Armour
 a - a +0 robe (worn)
Magical Staves
 j - a staff of air (weapon)
Scrolls
 i - a scroll of vulnerability
Potions
 f - 2 potions of curing
 h - a potion of heal wounds {unknown}


   Skills:
 + Level 2.4 Dodging
 + Level 1.8 Stealth
 + Level 3.3 Spellcasting


You couldn't memorise any spells.
You knew the following spells:

 Your Spells              Type           Power      Damage    Failure   Level
a - Foxfire               Conj/Fire      56%        2x1d6     4%          1
b - Conjure Flame         Conj/Fire      14%        6-21      13%         3
c - Inner Flame           Hex/Fire       14%        N/A       13%         3
d - Sticky Flame          Conj/Fire      14%        2d4       38%         4
e - Fireball              Conj/Fire      7%         3d5       75%         5
f - Sting                 Tmut/Pois      56%        1d5       4%          1
Your spell library was empty.

Dungeon Overview and Level Annotations

Branches:
Dungeon (2/15)

Altars:

Shops:
D:2 (


Innate Abilities, Weirdness & Mutations

You are immune to poison.
Your flesh is very heat resistant. (rF++)
You are vulnerable to cold. (rC-)
You float through the air rather than walking.
You learn spells naturally, not from books.
Your magical power is your life essence.
You have superior vitality. (+4 HP)


Message History

Something shocks you. You resist.
* * * LOW HITPOINT WARNING * * *
A sky beast appears from thin air!
Reactivating autopickup.
Okay, then.
It was a potion of curing.
You feel better.
The sky beast hits you but does no damage.
Found 4 gold pieces.
Okay, then.
You aren't carrying any items that you can evoke.
You aren't carrying any pieces of jewellery.
It was a potion of cancellation.
You feel magically purged. The sky beast closely misses you.
It was a potion of might.
You feel very mighty all of a sudden.
The sky beast flickers out of sight!
Deactivating autopickup; reactivate with Ctrl-A.
Something hits you.
* * * LOW HITPOINT WARNING * * *
Something shocks you. You resist.
* * * LOW HITPOINT WARNING * * *
A sky beast appears from thin air!
Reactivating autopickup.
Casting: Foxfire (safe; 4% risk of failure)
Confirm with . or Enter, or press ? or * to list all spells.
Aiming: Sting (safe; 4% risk of failure)
Press: ? - help, Shift-Dir - straight line, f/p - sky beast
Aim: a sky beast (heavily wounded, 40% to evade)
The sting hits the sky beast.
The sky beast is poisoned.
The sky beast is heavily wounded.
* * * LOW HITPOINT WARNING * * *
The sky beast hits you but does no damage.
Casting: Sting (safe; 4% risk of failure)
Confirm with . or Enter, or press ? or * to list all spells.
You conjure some foxfire!
* * * LOW HITPOINT WARNING * * *
The sky beast looks more healthy.
The sky beast hits you.
* * * LOW HITPOINT WARNING * * *
The sky beast shocks you. You resist.
You die...

#..#.#..#.#..#.# #≈#
#..'.+..#.#(.+.+ #.#
####.####.####.####.#
....................#
###################.#
#########.##.....##.#
..........#####..#..#
##.#####..#####..Y.##
#.....>..@v## #
#.######.v.# ##. #.#
#...# #..#####.# #
#...# #........#...
......
..#..................
#......###............
#.###..# ###.#...#.##
#.##.#.# #


You could see a sky beast (ally target).

Vanquished Creatures
  A worm (D:2)
  A dart slug (D:1)
  An endoplasm (D:1)
  3 goblins (D:1)
  2 hobgoblins (D:1)
  2 kobolds
  A quokka (D:1)
  4 ball pythons (D:1)
  2 bats
  A frilled lizard (D:1)
  2 rats (D:1)
20 creatures vanquished.

Vanquished Creatures (others)
  55 foxfires
55 creatures vanquished.

Grand Total: 75 creatures vanquished

Notes
Turn   | Place    | Note
-------+----------+-------------------------------------------
     0 | D:1      | robertstho the Djinni Fire Elementalist began the quest for
                  | the Orb.
     0 | D:1      | Reached XP level 1. HP: 15/15 MP: 0/0
   356 | D:1      | Reached skill level 3 in Spellcasting
   380 | D:1      | Reached XP level 2. HP: 18/21 MP: 0/0
  1143 | D:2      | Found Saumn's Weapon Boutique.
  1190 | D:2      | Reached XP level 3. HP: 22/25 MP: 0/0
  1190 | D:2      | Learned a level 1 spell: Sting
  1382 | D:2      | Noticed a sky beast
  1426 | D:2      | Slain by a sky beast

Illustrated notes

Levels and vault maps discovered:
D:1:      lemuel_arrival_hallway, layout_basic, minmay_misc_feat_x,
          st_stairs_12, hangedman_feature_mirror
D:2:      minmay_door_path, layout_loops_cross, serial_shops,
          nicolae_shop_temple_entry_statues_fountains, minmay_misc_feat_enclosed

Skill      XL: |  1 |
---------------+----+-----
Spellcasting   | 3 |  3.3
Dodging        | |  2.4
Stealth        | |  1.8

Action                   || total
-------------------------++-------
 Cast: Foxfire           ||    40
       Sting             ||     2
  Use: Scroll            ||     2
       Potion            ||     3
Armor: Robe              ||     3
Dodge: Dodged            ||     2

Table legend: (Time is in decaauts)
 A = Elapsed time spent in this place.
 B = Non-inter-level travel time spent in this place.
 C = Inter-level travel time spent in this place.
 D = Time resting spent in this place.
 E = Time spent auto-exploring this place.
 F = Levels seen in this place.
 G = Mean time per level.
                   A        B        C        D        E       F      G
               +--------+--------+--------+--------+--------+-----+--------+
         Total |   1424 |   1380 |     44 |      0 |   1200 |   2 |  712.0 |
       Dungeon |   1424 |   1380 |     44 |      0 |   1200 |   2 |  712.0 |
               +--------+--------+--------+--------+--------+-----+--------+

Top non-repeatable levels by time:
     D:1: 1118 daAuts
     D:2: 306 daAuts
